 Dungeon Crawl Stone Soup version 0.20.1-1-g8b1a95d (webtiles) character file.

91 Ymberti the Firebug (level 4, -1/24 HPs)
             Began as a Deep Elf Fire Elementalist on Sept 25, 2017.
             Slain by a gnoll
             ... wielding a cursed +0 halberd
              (2 damage)
             ... on level 3 of the Dungeon.
             The game lasted 00:03:58 (1272 turns).

Ymberti the Firebug (Deep Elf Fire Elementalist)    Turns: 1272, Time: 00:03:59

Health: -1/24      AC:  3    Str:  5    XL:     4   Next: 33%
Magic:  6/12       EV: 13    Int: 21    God:
Gold:   161        SH:  0    Dex: 15    Spells: 5/11 levels left

rFire    . . .     SeeInvis .   (no weapon)
rCold    . . .     Gourm    .   (no shield)
rNeg     . . .     Faith    .   a - +0 robe
rPois    .         Spirit   .   (no helmet)
rElec    .         Reflect  .   (no cloak)
rCorr    .         Harm     .   (no gloves)
MR       .....                  h - +0 pair of boots
Stlth    ++........             f - amulet of magic regeneration
Regen    0.1/turn               (no ring)
MPRegen  0.2/turn               (no ring)

@: invisible
A: no striking features
a: no special abilities


You were on level 3 of the Dungeon.
You were not hungry.

You visited 1 branch of the dungeon, and saw 3 of its levels.

You collected 161 gold pieces.

Inventory:

Armour
 a - a +0 robe (worn)
 h - a +0 pair of boots (worn)
Jewellery
 f - an amulet of magic regeneration (around neck)
Scrolls
 e - a scroll of immolation {unknown}
 g - a scroll of magic mapping {unknown}
 i - 2 scrolls of noise {unknown}
 j - 4 scrolls of identify {unknown}
 o - a scroll of remove curse {unknown}
Potions
 k - a potion of invisibility
 l - 2 potions of curing {unknown}
 m - a potion of heal wounds {unknown}
 n - a potion of might {unknown}
 p - a potion of degeneration {unknown}
Books
 b - a book of Flames

   Spells                             Type                      Level
   a - Flame Tongue                   Conjuration/Fire             1
   b - Throw Flame                    Conjuration/Fire             2
   c - Conjure Flame                  Conjuration/Fire             3
   d - Inner Flame                    Hexes/Fire                   3
   e - Sticky Flame                   Conjuration/Fire             4
   f - Fireball                       Conjuration/Fire             5
Comestibles
 c - 2 bread rations
 d - 2 royal jellies


   Skills:
 + Level 0.2 Fighting
 + Level 2.7 Dodging
 + Level 2.9 Stealth
 + Level 4.0 Spellcasting
 + Level 2.1 Conjurations
 + Level 4.2 Fire Magic


You had 5 spell levels left.
You knew the following spells:

 Your Spells              Type           Power        Failure   Level  Hunger
a - Flame Tongue          Conj/Fire      ###..        3%          1    None
b - Throw Flame           Conj/Fire      ###...       4%          2    #......
c - Conjure Flame         Conj/Fire      ###.....     10%         3    ###....


Dungeon Overview and Level Annotations

Branches:
Dungeon (3/15)

Altars:
Cheibriados


Message History

Confirm with . or Enter, or press ? or * to list all spells.
Aiming: Flame Tongue
Press: ? - help, Shift-Dir - straight line, f/p - gnoll
Aim: a gnoll, wielding a halberd (heavily wounded)
The flame tongue hits the gnoll.
The gnoll is severely wounded.
The gnoll shouts!
Casting: Flame Tongue
Confirm with . or Enter, or press ? or * to list all spells.
Aiming: Flame Tongue
Press: ? - help, Shift-Dir - straight line, f/p - gnoll
Aim: a gnoll, wielding a halberd (severely wounded)
The flame tongue hits the gnoll.
The gnoll is almost dead.
The gnoll hits you from afar with a halberd.
* * * LOW HITPOINT WARNING * * *
It was a potion of invisibility.
You fade into invisibility!
The gnoll hits you from afar with a halberd.
You die...

###.####.##$.#..#_######...###≈≈≈
#<.....>.##.....≈≈≈#....#.#.###≈≈
#.#.###...)....≈≈†≈≈.###.#.## #≈≈
#.#.# ###.#.≈≈.≈≈...##.## ##≈
....# ....≈≈≈≈≈.#.#### # .#.##
##.≈≈≈....### ...# ##...........
#### #..#..#.##... #@?.....# ##
#.###.#.# #g# #.#..# #g. ... ...
#g## ###.#. #.# #.# #.# ...


You could see 3 gnolls.

Vanquished Creatures
  4 adders
  2 worms (D:2)
  2 dart slugs
  2 leopard geckos
  2 giant cockroaches
  4 goblins
  4 hobgoblins
  4 jackals (D:2)
  A quokka (D:2)
  7 bats
  3 frilled lizards
  2 kobolds
  6 rats
43 creatures vanquished.

Notes
Turn   | Place    | Note
-------+----------+-------------------------------------------
     0 | D:1      | Ymberti the Deep Elf Fire Elementalist began the quest for the Orb.
     0 | D:1      | Reached XP level 1. HP: 10/10 MP: 6/6
   348 | D:1      | Reached XP level 2. HP: 15/15 MP: 8/8
   693 | D:2      | Reached XP level 3. HP: 16/19 MP: 4/9
   910 | D:2      | Learned a level 2 spell: Throw Flame
   914 | D:2      | Learned a level 3 spell: Conjure Flame
  1091 | D:2      | Reached XP level 4. HP: 24/24 MP: 6/11
  1257 | D:3      | Found a snail-covered altar of Cheibriados.
  1270 | D:3      | HP: 1/24 [gnoll/halberd (3)]
  1272 | D:3      | Slain by a gnoll

Skill      XL: |  1  2  3  4 |
---------------+-------------+-----
Fire Magic     | 4 |  4.2
Conjurations   | 2 |  2.1
Spellcasting   | 4 |  4.0
Fighting       | |  0.2
Dodging        | |  2.7
Stealth        | |  2.9

Action                   |  1- 3 |  4- 6 || total
-------------------------+-------+-------++-------
Melee: Unarmed           |    26 |     1 ||    27
 Cast: Flame Tongue      |    63 |    16 ||    79
       Throw Flame       |     1 |     5 ||     6
  Use: Potion            |       |     1 ||     1
 Stab: Sleeping          |     1 |     1 ||     2
  Eat: Bread ration      |       |     1 ||     1
Armor: Robe              |    19 |     1 ||    20
Dodge: Dodged            |    50 |     4 ||    54
